[Event "Team 45 45 League T48"]
[Site "Internet Chess Club"]
[Date "2011.03.19"]
[Round "6"]
[White "Aquaman"]
[Black "drsigmund1"]
[Result "1-0"]
[WhiteElo "1352"]
[BlackElo "1430"]
[Opening "Réti: King's Indian attack (Barcza system)"]
[ECO "A07"]
[Time "16:00:22"]
[TimeControl "2700+45"]

1. Nf3 d5 2. g3 Nf6 3. Bg2 c6 4. O-O g6 5. d3 Bg7 6. Nbd2 O-O 7. e4 dxe4 8. dxe4
Bg4 9. h3 Bxf3 10. Bxf3 Nfd7 11. c3 e5 12. Qc2 f5 13. Qb3+ Kh8 14. Qxb7 Nb6 15.
exf5 Rxf5 16. Bxc6 Nxc6 17. Qxc6 Rc8 18. Qg2 Qc7 19. Ne4 Nc4 20. Nd2 Nd6 21. Ne4
Nc4 22. Rb1 Rd8 23. Bg5 Rd7 24. b3 Rxg5 25. Nxg5 Nd2 26. c4 Nxb1 27. Rxb1 Rd2
28. Ne6 Qb6 29. Qa8+ {Black resigns} 1-0

[Event "Team 45 45 League T48"]
[Site "Internet Chess Club"]
[Date "2011.03.19"]
[Round "6"]
[White "vaknight"]
[Black "rubo"]
[Result "1/2-1/2"]
[WhiteElo "1741"]
[BlackElo "1670"]
[Opening "KGD: Falkbeer, 3...e4"]
[ECO "C32"]
[Time "19:00:26"]
[TimeControl "2700+45"]

1. f4 e5 2. e4 d5 3. exd5 e4 4. Nc3 Nf6 5. a3 Bc5 6. d4 exd3 7. Qxd3 O-O 8. Bd2
Re8+ 9. Be2 Ng4 10. Nh3 Ne3 11. Bxe3 Rxe3 12. Qd2 Bxh3 13. gxh3 Qh4+ 14. Kd1 c6
15. Na4 Qe7 16. Nxc5 Qxc5 17. d6 Nd7 18. c3 Rae8 19. Bg4 f5 20. b4 Qxc3 21. Qxc3
Rxc3 22. Bxf5 Nf6 23. Kd2 Rce3 24. Rhe1 Rxe1 25. Rxe1 Rd8 26. Re6 Nd5 27. d7 Nf6
{Game drawn by mutual agreement} 1/2-1/2

[Event "Team 45 45 League T48"]
[Site "Internet Chess Club"]
[Date "2011.03.18"]
[Round "6"]
[White "Portola"]
[Black "Giacometti"]
[Result "0-1"]
[WhiteElo "1786"]
[BlackElo "1730"]
[Opening "Dutch"]
[ECO "A80"]
[Time "20:00:30"]
[TimeControl "2700+45"]

1. d4 f5 2. Nf3 g6 3. c4 Bg7 4. Nc3 Nf6 5. e3 O-O 6. Bd2 d6 7. Be2 Nc6 8. O-O e5
9. dxe5 dxe5 10. a3 e4 11. Ng5 Ne5 12. Qc2 c6 13. Rad1 Nfg4 14. Nh3 Qh4 15. Bxg4
fxg4 16. Nf4 Nf3+ 17. gxf3 gxf3 18. Qxe4 Qg4+ 19. Kh1 Rxf4 20. Qe8+ Rf8 21. Rg1
Qxg1+ {White resigns} 0-1

[Event "Team 45 45 League T48"]
[Site "Internet Chess Club"]
[Date "2011.03.19"]
[Round "6"]
[White "oldprez"]
[Black "g8wrb"]
[Result "0-1"]
[WhiteElo "1410"]
[BlackElo "1473"]
[Opening "Pirc: classical (two knights) system"]
[ECO "B06"]
[Time "10:02:21"]
[TimeControl "2700+45"]

1. e4 g6 2. d4 Bg7 3. Nf3 d6 4. Nc3 Nf6 5. Bc4 O-O 6. O-O Nc6 7. Bf4 Bg4 8. Be2
a6 9. Qd2 Re8 10. Bh6 Bxh6 11. Qxh6 Bxf3 12. Bxf3 Nxd4 13. Bd1 e5 14. Nd5 Nxe4
15. c3 Nf5 16. Qh3 c6 17. Ne3 Nxe3 18. fxe3 Re6 19. Bf3 Ng5 20. Qg4 Nxf3+ 21.
Qxf3 Qe7 22. Rad1 Kg7 23. e4 Rf6 24. Qd3 Rxf1+ 25. Rxf1 Rf8 26. b4 Qe6 27. c4 f5
28. exf5 Rxf5 29. a4 Rxf1+ 30. Qxf1 d5 31. cxd5 cxd5 32. a5 Qc6 33. Kf2 Qf6+ 34.
Ke2 Qxf1+ 35. Kxf1 Kf6 36. Ke2 Kf5 37. g3 Ke4 38. h4 h5 39. Kd2 Kf3 {White
resigns} 0-1

[Event "Team 45 45 League T48"]
[Site "Internet Chess Club"]
[Date "2011.03.19"]
[Round "6"]
[White "AtomicDog"]
[Black "SeniorCitizen"]
[Result "0-1"]
[WhiteElo "1353"]
[BlackElo "1336"]
[Opening "French: Steinitz variation"]
[ECO "C11"]
[Time "09:00:24"]
[TimeControl "2700+45"]

1. e4 e6 2. d4 d5 3. Nc3 Nf6 4. e5 Nfd7 5. f4 Be7 6. Nf3 O-O 7. Bd3 c5 8. Be3
Nc6 9. O-O Qb6 10. Ng5 Bxg5 11. fxg5 cxd4 12. Bf2 Ndxe5 13. Ne2 Qd8 14. Bg3 Nxd3
15. Qxd3 Qxg5 16. Kh1 Qe3 17. Qd1 d3 18. cxd3 Qb6 19. Rf3 Qxb2 20. Qf1 Qb4 21.
Rf4 Qe7 22. Bh4 Qd7 23. Rg4 Ne5 24. Rxg7+ Kxg7 25. Bf6+ Kg8 26. Bxe5 f5 27. Qf4
Qf7 28. Rc1 Bd7 29. Nd4 Rac8 30. Rf1 Rc3 31. Qg3+ Qg6 32. Qe3 Rfc8 {White
forfeits on time} 0-1

[Event "Team 45 45 League T48"]
[Site "Internet Chess Club"]
[Date "2011.03.20"]
[Round "6"]
[White "spunni"]
[Black "Monsoon-Smith"]
[Result "1-0"]
[WhiteElo "1853"]
[BlackElo "1985"]
[Opening "Sicilian defense"]
[ECO "B40"]
[Time "11:30:22"]
[TimeControl "2700+45"]

1. e4 c5 2. Nf3 e6 3. d3 Nc6 4. g3 d5 5. Nbd2 Nf6 6. Bg2 Be7 7. O-O O-O 8. e5
Nd7 9. Re1 b5 10. Nf1 Bb7 11. h4 Qc7 12. Bf4 d4 13. N1h2 Nb4 14. Ng5 Bxg2 15.
Kxg2 Qc6+ 16. Kg1 Rae8 17. a4 bxa4 18. c3 dxc3 19. bxc3 Nd5 20. Qxa4 Nb8 21. Bd2
Bd8 22. Qxa7 Bc7 23. Qa4 Rd8 24. Qe4 g6 25. Ng4 h5 26. Nh6+ Kg7 27. c4 Ne7 28.
Nhxf7 Rxf7 29. Qxc6 Nexc6 30. Nxe6+ Kg8 31. Nxd8 Nxd8 32. e6 Re7 33. Bg5 Re8 34.
Bxd8 Bxd8 35. Ra8 Bc7 36. Rb1 Kf8 37. Rb7 Be5 38. Kg2 Nc6 39. Rxe8+ Kxe8 40. Kf3
Bd4 41. Rb6 Ne5+ 42. Ke4 Ke7 43. f4 Ng4 44. f5 Nf2+ 45. Kd5 Kf6 46. Kd6 Nxd3 47.
e7 Kf7 48. Kd7 Ne5+ 49. Kd8 {Black resigns} 1-0

[Event "Team 45 45 League T48"]
[Site "Internet Chess Club"]
[Date "2011.03.19"]
[Round "6"]
[White "BlackHorse"]
[Black "perikitosax"]
[Result "1-0"]
[WhiteElo "2047"]
[BlackElo "1915"]
[Opening "Sicilian: Taimanov (Bastrikov) variation"]
[ECO "B47"]
[Time "13:08:13"]
[TimeControl "2700+45"]

1. e4 c5 2. Nf3 e6 3. d4 cxd4 4. Nxd4 Nc6 5. Nc3 Qc7 6. Ndb5 Qb8 7. f4 a6 8. Nd4
Bc5 9. Nb3 Be7 10. Be3 d6 11. Qf3 Nf6 12. Bd3 O-O 13. O-O Nb4 14. Rac1 Nxd3 15.
cxd3 b6 16. Qg3 Kh8 17. Na4 Nd7 18. f5 exf5 19. Nd4 Ne5 20. Nxf5 Bxf5 21. Rxf5
g6 22. Rff1 Nxd3 23. Bd4+ Ne5 24. Nxb6 {Black resigns} 1-0

[Event "Team 45 45 League T48"]
[Site "Internet Chess Club"]
[Date "2011.03.22"]
[Round "6"]
[White "tsia68"]
[Black "Freitac"]
[Result "1/2-1/2"]
[WhiteElo "1918"]
[BlackElo "1972"]
[Opening "Sicilian: closed, 6.f4"]
[ECO "B20"]
[Time "18:16:41"]
[TimeControl "2700+45"]

1. e4 c5 2. d3 Nc6 3. g3 g6 4. Bg2 Bg7 5. f4 d6 6. Nc3 Nf6 7. Nf3 O-O 8. O-O Rb8
9. h3 b5 10. g4 b4 11. Ne2 a5 12. Rb1 c4 13. Be3 Ba6 14. Ng3 cxd3 15. cxd3 Rc8
16. Re1 e6 17. d4 d5 18. e5 Nd7 19. f5 gxf5 20. gxf5 f6 21. fxe6 Nb6 22. Nf5 Nc4
23. Bh6 Bxh6 24. Nxh6+ Kg7 25. Nf5+ Kh8 26. b3 fxe5 27. e7 Nxe7 28. Nxe7 e4 29.
Nxc8 exf3 30. Bxf3 Qg5+ 31. Bg2 Rg8 32. Qg4 Qh6 33. Re6 Qd2 34. Re2 Rxg4 35.
Rxd2 Nxd2 36. hxg4 Nxb1 37. Ne7 Nc3 38. Nxd5 Nxa2 39. Nc7 Bc8 40. g5 Nc1 41. Bd5
Ne2+ 42. Kf2 Nxd4 43. Ke3 Nf5+ 44. Kf4 Ne7 45. Bc4 Kg7 46. Ne8+ Kf8 47. Nd6 Bd7
48. Ke5 a4 49. bxa4 Bxa4 50. Kd4 Kg7 51. Bd3 Bd7 52. Kc4 Nc6 53. Be4 Ne7 {Game
drawn by mutual agreement} 1/2-1/2

[Event "Team 45 45 League T48"]
[Site "Internet Chess Club"]
[Date "2011.03.23"]
[Round "6"]
[White "Uragon-bocho"]
[Black "CapitanTrueno"]
[Result "1-0"]
[WhiteElo "1975"]
[BlackElo "1753"]
[Opening "King's Indian: fianchetto, Panno variation"]
[ECO "E63"]
[Time "16:22:22"]
[TimeControl "2700+45"]

1. d4 Nf6 2. c4 g6 3. Nf3 Bg7 4. g3 d6 5. Bg2 O-O 6. O-O Nc6 7. Nc3 a6 8. d5 Na5
9. Qd3 c5 10. e4 Nd7 11. Rb1 Ne5 12. Nxe5 Bxe5 13. f4 Bd4+ 14. Kh1 Bg7 15. f5
Bd7 16. Be3 Rb8 17. a4 Nb3 18. Ne2 Na5 19. b4 cxb4 20. Rxb4 b5 21. cxb5 axb5 22.
axb5 Nb7 23. Nd4 Nc5 24. Qb1 Bxd4 25. Bxd4 Qb6 26. Re1 Qa5 27. Rd1 Qa3 28. g4
Rb6 29. e5 Rfb8 30. e6 fxe6 31. fxg6 h6 32. dxe6 Rxb5 33. exd7 Rxb4 34. Qf5 Qb3
35. Bd5+ {Black resigns} 1-0

[Event "Team 45 45 League T48"]
[Site "Internet Chess Club"]
[Date "2011.03.20"]
[Round "6"]
[White "chiiwen"]
[Black "egyptiantiger"]
[Result "1-0"]
[WhiteElo "2172"]
[BlackElo "2021"]
[Opening "Sicilian: Najdorf, Opocensky variation"]
[ECO "B92"]
[Time "18:03:19"]
[TimeControl "2700+45"]

1. e4 c5 2. Nf3 d6 3. d4 cxd4 4. Nxd4 Nf6 5. Nc3 a6 6. Be2 e5 7. Nb3 Be7 8. O-O
Be6 9. f4 exf4 10. Bxf4 Nc6 11. Kh1 O-O 12. Nd4 Nxd4 13. Qxd4 Qc7 14. Rad1 Rad8
15. a4 Qc5 16. Bf3 b5 17. axb5 axb5 18. Rd2 b4 19. Ne2 Ng4 20. h3 Ne5 21. Qxc5
dxc5 22. Rxd8 Rxd8 23. Bxe5 Rd2 24. Rc1 Bc4 25. Ng3 Bg5 26. Rd1 Rxc2 27. Nf5 h6
28. Bxg7 Be6 29. Be5 f6 30. Bd6 b3 31. Be7 c4 32. Ba3 Rc1 33. Nd4 Bf7 34. Bb4
Rc2 35. Bc3 Be3 36. Nf5 Bf4 37. Bxf6 Bc1 38. Ne7+ Kh7 39. e5 Bxb2 40. Be4+
{Black resigns} 1-0

[Event "Team 45 45 League T48"]
[Site "Internet Chess Club"]
[Date "2011.03.26"]
[Round "6"]
[White "Dreamshell"]
[Black "AronT"]
[Result "0-1"]
[WhiteElo "1881"]
[BlackElo "2087"]
[Opening "Nimzo-Indian: Reshevsky variation"]
[ECO "E46"]
[Time "21:09:09"]
[TimeControl "2700+45"]

1. d4 Nf6 2. c4 e6 3. Nc3 Bb4 4. e3 O-O 5. Ne2 b6 6. a3 Be7 7. Nf4 Bb7 8. Be2 d6
9. Bf3 Qc8 10. O-O Nbd7 11. b4 c5 12. Rb1 Bxf3 13. Qxf3 cxd4 14. exd4 Qxc4 15.
d5 e5 16. Nfe2 e4 17. Qf5 Ne5 18. Rd1 Qc8 19. Qxc8 Rfxc8 20. Rd4 Rc4 21. Rxc4
Nxc4 22. Ng3 Rc8 23. Ngxe4 Nxe4 24. Nxe4 f5 25. Ng3 g6 26. a4 Bf6 27. Kf1 Re8
28. Bh6 Bg7 29. Bf4 Be5 30. Bh6 f4 31. Ne4 Bg7 32. Bxg7 Kxg7 33. Ke2 Rxe4+ 34.
Kd3 f3 35. g3 Rg4 36. h3 Ne5+ {White resigns} 0-1

[Event "Team 45 45 League T48"]
[Site "Internet Chess Club"]
[Date "2011.03.21"]
[Round "6"]
[White "musk6868"]
[Black "Ben777"]
[Result "1-0"]
[WhiteElo "1931"]
[BlackElo "1746"]
[Opening "Dutch"]
[ECO "A80"]
[Time "21:02:02"]
[TimeControl "2700+45"]

1. d4 f5 2. Nc3 g6 3. e4 fxe4 4. Nxe4 d5 5. Nc5 Bg7 6. Nf3 b6 7. Nb3 Bf5 8. Bd3
Bxd3 9. Qxd3 Nf6 10. O-O O-O 11. Ng5 Qd6 12. Bd2 c5 13. c4 cxd4 14. Nxd4 Ne4 15.
Nb5 Qe5 16. Nxe4 dxe4 17. Qe3 Nd7 18. Bc3 Qf4 19. Qxf4 Rxf4 20. Bxg7 Kxg7 21.
Nc7 {Black resigns} 1-0

[Event "Team 45 45 League T48"]
[Site "Internet Chess Club"]
[Date "2011.03.19"]
[Round "6"]
[White "g8wrb"]
[Black "ElMarginal"]
[Result "0-1"]
[WhiteElo "1458"]
[BlackElo "1519"]
[Opening "English: symmetrical variation"]
[ECO "A30"]
[Time "17:02:56"]
[TimeControl "2700+45"]

1. c4 c5 2. g3 Nc6 3. Bg2 Nf6 4. Nf3 e6 5. Nc3 Be7 6. O-O O-O 7. e4 d6 8. d3 a6
9. Bg5 h6 10. Be3 Bd7 11. Qd2 Ng4 12. Rfe1 Nxe3 13. Qxe3 Nb4 14. Rac1 Bg5 15.
Nxg5 Qxg5 16. a3 Qxe3 17. Rxe3 Nc6 18. Na4 Nd4 19. Nb6 Rad8 20. Nxd7 Rxd7 21. e5
Rb8 22. b4 b6 23. Rb1 Nc2 24. bxc5 Nxe3 25. Bc6 Rc7 26. Rxb6 Rxb6 27. cxb6 Rxc6
28. b7 Rb6 29. fxe3 dxe5 30. d4 Rxb7 31. d5 exd5 32. cxd5 e4 {White resigns} 0-1

[Event "Team 45 45 League T48"]
[Site "Internet Chess Club"]
[Date "2011.03.19"]
[Round "6"]
[White "Oscar"]
[Black "SCUGrad"]
[Result "1-0"]
[WhiteElo "1514"]
[BlackElo "1368"]
[Opening "KGD: classical variation"]
[ECO "C30"]
[Time "09:00:34"]
[TimeControl "2700+45"]

1. e4 e5 2. f4 Bc5 3. Nf3 d6 4. Bc4 Nf6 5. Nc3 Nc6 6. d3 Bg4 7. h3 Bxf3 8. Qxf3
Nd4 9. Qd1 O-O 10. Ne2 Nd7 11. h4 Nb6 12. Bb3 Nxb3 13. axb3 f5 14. Ng3 fxe4 15.
Nxe4 exf4 16. Qf3 Be3 17. Kd1 Nd5 18. Ng5 Bxc1 19. Qxd5+ Kh8 20. Kxc1 Qf6 21.
Kd2 Rae8 22. Rxa7 c6 23. Qf3 g6 24. Rxb7 Re3 25. Rxh7+ Kg8 26. Qxc6 Rfe8 27.
Qd5+ {Black resigns} 1-0

[Event "Team 45 45 League T48"]
[Site "Internet Chess Club"]
[Date "2011.03.18"]
[Round "6"]
[White "AlPearson"]
[Black "one-over"]
[Result "1-0"]
[WhiteElo "1392"]
[BlackElo "1311"]
[Opening "English opening"]
[ECO "A20"]
[Time "10:11:18"]
[TimeControl "2700+45"]

1. c4 e5 2. g3 Nf6 3. Bg2 c6 4. Nc3 Be7 5. Nf3 d6 6. d4 exd4 7. Qxd4 Na6 8. O-O
Nc7 9. Rd1 O-O 10. b3 Ne6 11. Qd2 Nc5 12. Bb2 Nce4 13. Nxe4 Nxe4 14. Qd4 Nf6 15.
Rd2 Qb6 16. Rad1 Qxd4 17. Nxd4 c5 18. Nb5 a6 19. Nxd6 Bxd6 20. Rxd6 Rb8 21. Rd8
Be6 22. Rxf8+ Kxf8 23. Bxf6 gxf6 24. Bd5 Ke7 25. Bxe6 fxe6 26. Kg2 Rd8 27. Rxd8
Kxd8 28. Kf3 b5 29. cxb5 axb5 30. Ke4 Kd7 31. a4 bxa4 32. bxa4 Kc6 33. Kd3 Kb6
34. Kc4 h5 35. a5+ Kxa5 36. Kxc5 Ka6 {Black resigns} 1-0

[Event "Team 45 45 League T48"]
[Site "Internet Chess Club"]
[Date "2011.03.20"]
[Round "6"]
[White "dondel"]
[Black "AtomicDog"]
[Result "1-0"]
[WhiteElo "1259"]
[BlackElo "1332"]
[Opening "Sicilian"]
[ECO "B50"]
[Time "11:00:13"]
[TimeControl "2700+45"]

1. e4 c5 2. Nf3 d6 3. h3 Nf6 4. Nc3 a6 5. Bc4 e6 6. d3 Be7 7. Be3 Nbd7 8. Qd2
O-O 9. g4 Ne5 10. Nxe5 dxe5 11. f4 exf4 12. Bxf4 b5 13. Bb3 Bb7 14. Rg1 c4 15.
dxc4 Bb4 16. O-O-O Qxd2+ 17. Bxd2 Nxe4 18. Nxe4 Bxd2+ 19. Nxd2 {Black resigns}
1-0

[Event "Team 45 45 League T48"]
[Site "Internet Chess Club"]
[Date "2011.03.18"]
[Round "6"]
[White "Berke"]
[Black "houseofcook"]
[Result "1-0"]
[WhiteElo "1546"]
[BlackElo "1382"]
[Opening "French: advance, Milner-Barry gambit"]
[ECO "C02"]
[Time "06:00:24"]
[TimeControl "2700+45"]

1. e4 e6 2. d4 d5 3. e5 c5 4. c3 Nc6 5. Bd3 Qb6 6. Nf3 cxd4 7. cxd4 Bd7 8. O-O
Nxd4 9. Nxd4 Qxd4 10. Nc3 a6 11. Be3 Qb4 12. a3 Qa5 13. Rc1 Ne7 14. Bd2 Qd8 15.
Qg4 Ng6 16. Rfe1 Be7 17. h3 Rc8 18. f4 h5 19. Qd1 Nh4 20. b4 b5 21. Be3 Nf5 22.
Bxf5 exf5 23. Nxd5 Bh4 24. Re2 Rxc1 25. Qxc1 O-O 26. Rd2 Qe8 27. Qd1 Bc8 28. Bc5
{Black resigns} 1-0

[Event "Team 45 45 League T48"]
[Site "Internet Chess Club"]
[Date "2011.03.21"]
[Round "6"]
[White "blizzard13"]
[Black "krysto"]
[Result "0-1"]
[WhiteElo "1424"]
[BlackElo "1507"]
[Opening "French: exchange variation"]
[ECO "C01"]
[Time "15:00:19"]
[TimeControl "2700+45"]

1. e4 e6 2. d4 d5 3. exd5 exd5 4. Nf3 Nf6 5. Bd3 Bd6 6. Qe2+ Be6 7. Bg5 O-O 8.
Nbd2 Re8 9. O-O Nbd7 10. Ne5 Be7 11. Ndf3 h6 12. Bd2 c6 13. h3 Bd6 14. Bf4 Qc7
15. Rfe1 Nf8 16. Nh2 N6h7 17. h4 f6 18. Bxh6 gxh6 19. Nhg4 Qg7 20. Bxh7+ Nxh7
21. f3 Bxg4 22. fxg4 fxe5 23. dxe5 Rxe5 24. Qd2 Rae8 25. Rf1 Rf8 26. g5 Rxf1+
27. Rxf1 hxg5 28. h5 g4 29. h6 Bc5+ 30. Kh1 Rh5# {White checkmated} 0-1

[Event "Team 45 45 League T48"]
[Site "Internet Chess Club"]
[Date "2011.03.20"]
[Round "6"]
[White "Elalfer"]
[Black "RickLR"]
[Result "0-1"]
[WhiteElo "1344"]
[BlackElo "1329"]
[Opening "Queen's gambit accepted"]
[ECO "D20"]
[Time "10:00:18"]
[TimeControl "2700+45"]

1. d4 d5 2. c4 dxc4 3. Nc3 e5 4. d5 c6 5. e4 b5 6. dxc6 Qxd1+ 7. Kxd1 Nxc6 8.
Nxb5 Bg4+ 9. f3 Rd8+ 10. Kc2 a6 11. Nc7+ Kd7 12. Nd5 Be6 13. Bxc4 Nb4+ 14. Nxb4
Bxc4 15. b3 Bf1 16. Be3 Bxg2 17. Rd1+ Ke8 18. Nd5 Rc8+ 19. Kb2 Bxh1 20. Rf1 Ne7
21. Nb6 Rd8 22. Kc3 Nc6 23. Ne2 Bg2 24. Rf2 Bh3 25. Nd5 Be6 26. Nc7+ Kd7 27.
Nxa6 Ra8 28. Nc5+ Bxc5 29. Bxc5 Rxa2 30. b4 Rha8 31. Kd3 R8a3+ 32. Nc3 Rxf2 33.
Bxf2 Nxb4+ {White resigns} 0-1

[Event "Team 45 45 League T48"]
[Site "Internet Chess Club"]
[Date "2011.03.18"]
[Round "6"]
[White "rgadoury"]
[Black "tamky70"]
[Result "1/2-1/2"]
[WhiteElo "1236"]
[BlackElo "1380"]
[Opening "Pirc defense"]
[ECO "B07"]
[Time "19:30:18"]
[TimeControl "2700+45"]

1. e4 d6 2. d4 Nf6 3. Nc3 g6 4. Be3 Bg7 5. Nf3 O-O 6. Be2 Nc6 7. O-O e5 8. d5
Ne7 9. h3 Nh5 10. Nh2 Nf4 11. Bxf4 exf4 12. Nf3 c6 13. Rb1 Qa5 14. a3 cxd5 15.
Nxd5 Nxd5 16. exd5 Bd7 17. c4 Rac8 18. Qd2 Qb6 19. b4 Bf5 20. Rb3 Qd8 21. Qxf4
Re8 22. Re3 Qd7 23. Rxe8+ Rxe8 24. Qd2 Qa4 25. Nh4 Bd7 26. Qa2 Bf6 27. Nf3 Bf5
28. Bd1 Qa6 29. Re1 Rxe1+ 30. Nxe1 Bc3 31. Nc2 Bxc2 32. Qxc2 Qxa3 33. b5 Bd4 34.
Qb3 Qc5 35. Qf3 Qxc4 36. Be2 Qc1+ 37. Kh2 Be5+ 38. g3 Qc5 39. h4 Qc3 40. Qxc3
Bxc3 41. Kg2 b6 42. Kf3 Kg7 43. Ke4 Be5 44. Kf3 f5 45. Ke3 h5 46. Bf3 Kf6 47.
Be2 Bc3 48. f4 Bb4 49. Kf3 Bc5 50. Kg2 Bd4 51. Kf3 Kg7 52. Kg2 {Game drawn by
mutual agreement} 1/2-1/2

[Event "Team 45 45 League T48"]
[Site "Internet Chess Club"]
[Date "2011.03.20"]
[Round "6"]
[White "Xanther"]
[Black "dinosaurs01"]
[Result "0-1"]
[WhiteElo "1436"]
[BlackElo "1486"]
[Opening "Sicilian: Alapin's variation (2.c3)"]
[ECO "B22"]
[Time "18:00:26"]
[TimeControl "2700+45"]

1. e4 c5 2. c3 g6 3. d4 cxd4 4. cxd4 d5 5. exd5 Nf6 6. Nf3 Nxd5 7. Bc4 Nb6 8.
Bb3 Bg7 9. Bf4 O-O 10. Nc3 Bg4 11. Be3 Nc6 12. d5 Ne5 13. Bxb6 Qxb6 14. h3 Bxf3
15. gxf3 Qf6 16. f4 Qxf4 17. O-O Nf3+ 18. Kg2 Nh4+ 19. Kg1 Be5 {White resigns}
0-1

[Event "Team 45 45 League T48"]
[Site "Internet Chess Club"]
[Date "2011.03.21"]
[Round "6"]
[White "zigzag2002"]
[Black "Kristian1974"]
[Result "0-1"]
[WhiteElo "1681"]
[BlackElo "1436"]
[Opening "Caro-Kann: Panov-Botvinnik attack"]
[ECO "B13"]
[Time "16:30:14"]
[TimeControl "2700+45"]

1. e4 c6 2. d4 d5 3. exd5 cxd5 4. c4 Nf6 5. Nc3 Nc6 6. Bf4 dxc4 7. d5 Nb8 8.
Bxc4 Nbd7 9. Nf3 g6 10. Nb5 Qa5+ 11. Kf1 Qb4 12. b3 Nb6 13. Nc7+ Kd8 14. Nxa8
Nxc4 15. bxc4 Qxc4+ 16. Qe2 Qxf4 17. Ne5 Nxd5 18. g3 Qf6 19. Rd1 e6 20. Ng4 Qe7
21. Ne3 Qc5 22. Qf3 Ke8 23. Nxd5 exd5 24. Rxd5 Qc6 25. Kg2 Be6 26. Re1 Be7 27.
Rd3 Qc8 28. Rb1 Qxa8 29. Rxb7 Kf8 30. Re3 Qc8 31. Rxa7 Bh3+ {White resigns} 0-1

[Event "Team 45 45 League T48"]
[Site "Internet Chess Club"]
[Date "2011.03.20"]
[Round "6"]
[White "IanT"]
[Black "cys456"]
[Result "1-0"]
[WhiteElo "1379"]
[BlackElo "1413"]
[Opening "Sicilian: Alapin's variation (2.c3)"]
[ECO "B22"]
[Time "08:30:18"]
[TimeControl "2700+45"]

1. e4 c5 2. c3 Nc6 3. d4 cxd4 4. cxd4 d5 5. Nc3 e6 6. Bd3 dxe4 7. Bxe4 Qxd4 8.
Bxc6+ bxc6 9. Qxd4 Nf6 10. Bg5 Be7 11. Nf3 O-O 12. Ne4 Rd8 13. Nxf6+ Bxf6 14.
Qh4 Bxg5 15. Qxg5 Bb7 16. O-O h6 17. Qg3 Ba6 18. Rfd1 Rd5 19. Rd2 Rf5 20. Rd4
Be2 21. Rg4 g6 22. Rc1 Bxf3 23. gxf3 c5 24. Rgc4 Rg5 25. Rxc5 Rxg3+ 26. fxg3 Kg7
27. Rc8 Rxc8 28. Rxc8 Kf6 29. Ra8 {Black resigns} 1-0

[Event "Team 45 45 League T48"]
[Site "Internet Chess Club"]
[Date "2011.03.20"]
[Round "6"]
[White "joshq03"]
[Black "chips"]
[Result "0-1"]
[WhiteElo "1229"]
[BlackElo "1245"]
[Opening "Scandinavian (center counter) defense"]
[ECO "B01"]
[Time "08:00:46"]
[TimeControl "2700+45"]

1. e4 d5 2. d3 dxe4 3. dxe4 Qxd1+ 4. Kxd1 e6 5. Nc3 Bb4 6. Bd2 Nf6 7. Bd3 Nc6 8.
Nf3 Ng4 9. Rf1 O-O 10. h3 Nf6 11. a3 Be7 12. e5 Nd7 13. Re1 Bc5 14. b4 Bxf2 15.
Re2 Bg3 16. Ng5 g6 17. Nf3 Ndxe5 18. Nxe5 Nxe5 19. Bh6 Rd8 20. Re3 Nxd3 21. cxd3
Bh4 22. Kc2 Bf6 23. Rd1 b6 24. Nb5 c6 25. Nc3 Bg7 26. Bg5 Rd7 27. Ne4 a5 28.
bxa5 Rxa5 29. Ra1 Bxa1 {White resigns} 0-1

[Event "Team 45 45 League T48"]
[Site "Internet Chess Club"]
[Date "2011.03.21"]
[Round "6"]
[White "oldsj"]
[Black "ars-felidae"]
[Result "1-0"]
[WhiteElo "1593"]
[BlackElo "1437"]
[Opening "Sicilian: Taimanov variation"]
[ECO "B45"]
[Time "09:01:39"]
[TimeControl "2700+45"]

1. e4 c5 2. Nf3 Nc6 3. d4 cxd4 4. Nxd4 e6 5. Nc3 Bb4 6. Nb5 d5 7. exd5 exd5 8.
a3 Bxc3+ 9. Nxc3 Nf6 10. Bg5 d4 11. Qe2+ Be6 12. O-O-O O-O 13. Ne4 Re8 14. Bxf6
gxf6 15. Qf3 f5 16. Qg3+ Kh8 17. Nc5 Qe7 18. Nd3 Rg8 19. Qf3 Rad8 20. Qe2 b5 21.
Ne5 Nxe5 22. Qxe5+ Rg7 23. Rxd4 Qg5+ 24. f4 Qe7 25. Rxd8+ Qxd8 26. Bxb5 Qb6 27.
Rd1 f6 28. Qe2 Rb7 29. c4 Bxc4 30. Bxc4 Qc7 31. Qe6 Qxf4+ 32. Kb1 Kg7 33. Rd7+
Rxd7 34. Qxd7+ Kh6 35. Qd3 Qxh2 36. Qh3+ Qxh3 37. gxh3 f4 38. Kc1 Kg5 39. Kd2
Kh4 40. Bf1 Kg3 41. Ke2 f3+ 42. Ke3 f5 43. b4 f4+ 44. Kd2 Kf2 45. Bd3 Kg3 46. a4
f2 47. a5 Kg2 48. b5 f1=Q 49. Bxf1+ Kxf1 50. b6 f3 51. bxa7 f2 52. a8=Q Kg1 53.
Qg8+ Kh2 54. Qf7 Kg2 55. a6 f1=Q 56. Qxf1+ Kxf1 57. a7 h5 58. a8=Q Kf2 59. Qf8+
Kg3 60. Ke3 h4 61. Qg8+ Kxh3 62. Kf3 Kh2 63. Qg2# {Black checkmated} 1-0

[Event "Team 45 45 League T48"]
[Site "Internet Chess Club"]
[Date "2011.03.20"]
[Round "6"]
[White "smsxman"]
[Black "Risto"]
[Result "1-0"]
[WhiteElo "1527"]
[BlackElo "1243"]
[Opening "French: Paulsen variation"]
[ECO "C10"]
[Time "06:00:06"]
[TimeControl "2700+45"]

1. e4 e6 2. d4 d5 3. Nc3 c6 4. Nf3 Ne7 5. Bg5 f6 6. Bh4 Ng6 7. Bg3 Be7 8. Bd3
O-O 9. O-O f5 10. exd5 cxd5 11. Nb5 Bd7 12. Nc7 f4 13. Nxa8 fxg3 14. fxg3 Nc6
15. Ne5 Ncxe5 16. dxe5 Bc5+ 17. Kh1 Rxf1+ 18. Bxf1 Qxa8 19. Qh5 Qb8 20. Re1 Bd4
21. c3 Bxe5 22. Bd3 Bf6 23. Bxg6 hxg6 24. Qxg6 e5 25. Rf1 Qd6 26. a3 Bc6 27. g4
Qe7 28. h3 e4 29. g3 e3 30. Kh2 e2 31. Re1 d4 32. Qd3 dxc3 33. Rxe2 Bb5 34. Qxb5
Qd6 35. bxc3 Bxc3 36. Qc4+ {Black resigns} 1-0

[Event "Team 45 45 League T48"]
[Site "Internet Chess Club"]
[Date "2011.03.21"]
[Round "6"]
[White "stan-beers"]
[Black "DrOMM"]
[Result "1-0"]
[WhiteElo "1478"]
[BlackElo "1347"]
[Opening "Queen's pawn game"]
[ECO "D00"]
[Time "16:30:28"]
[TimeControl "2700+45"]

1. d4 d5 2. e3 Nc6 3. a3 Bf5 4. Nc3 e6 5. Bd3 Nge7 6. b4 Bxd3 7. cxd3 Nf5 8. Nf3
a6 9. O-O b5 10. Bb2 Bd6 11. Nb1 Qf6 12. Nbd2 O-O 13. Nb3 Qg6 14. Rc1 Nd8 15. e4
dxe4 16. dxe4 Nh6 17. e5 Be7 18. Rxc7 Nf5 19. Nbd2 Rb8 20. Qe2 f6 21. Rfc1 Nf7
22. exf6 Qxf6 23. R1c2 Ng5 24. d5 Nxf3+ 25. Nxf3 Qg6 26. dxe6 Bf6 27. Bxf6 Qxf6
28. e7 Rfe8 29. R7c6 Qa1+ 30. Rc1 Qxa3 31. Qe6+ Kh8 32. Qxf5 Qxb4 33. h3 Qxe7
34. Qg4 Qa3 35. Rc7 g6 36. Qd4+ Kg8 37. Qg7# {Black checkmated} 1-0

[Event "Team 45 45 League T48"]
[Site "Internet Chess Club"]
[Date "2011.03.18"]
[Round "6"]
[White "Molsen"]
[Black "Fogbound"]
[Result "0-1"]
[WhiteElo "1201"]
[BlackElo "1291"]
[Opening "Scotch game"]
[ECO "C45"]
[Time "14:30:31"]
[TimeControl "2700+45"]

1. e4 e5 2. Nf3 Nc6 3. d4 exd4 4. Nxd4 Bb4+ 5. c3 Bc5 6. Be3 Qf6 7. Nb5 Bd6 8.
Be2 Nge7 9. O-O O-O 10. Nd2 a6 11. Nxd6 Qxd6 12. Qc1 Qg6 13. Bf4 d6 14. Bg3 f5
15. Bc4+ Be6 16. Bxe6+ Qxe6 17. Re1 f4 18. Bh4 Ng6 19. Bg5 Nce5 20. Qd1 Kh8 21.
Nf3 Nxf3+ 22. Qxf3 Ne5 23. Qe2 f3 24. Qe3 Qg4 25. g3 Qh3 26. Qxf3 Nxf3+ 27. Kh1
Qxh2# {White checkmated} 0-1

[Event "Team 45 45 League T48"]
[Site "Internet Chess Club"]
[Date "2011.03.22"]
[Round "6"]
[White "radiohead"]
[Black "The-Capitalist"]
[Result "0-1"]
[WhiteElo "1379"]
[BlackElo "1486"]
[Opening "QGD Slav: 3.Nf3"]
[ECO "D11"]
[Time "21:00:19"]
[TimeControl "2700+45"]

1. d4 d5 2. c4 c6 3. Nf3 Nf6 4. h3 dxc4 5. e3 Be6 6. Nbd2 b5 7. a4 Bd5 8. axb5
cxb5 9. b3 Nc6 10. bxc4 bxc4 11. Bxc4 e6 12. O-O Bb4 13. Bxd5 Nxd5 14. Qc2 Qc7
15. Ne4 O-O 16. Neg5 g6 {White resigns} 0-1